 Dungeon Crawl Stone Soup version 0.19-b1-3-g7dea586 (webtiles) character file.

230 Mesmaeker13 the Conjurer (level 5, -1/35 HPs)
             Began as a High Elf Conjurer on Oct 28, 2016.
             Slain by a killer bee (2 damage)
             ... on level 3 of the Dungeon.
             The game lasted 00:08:06 (3366 turns).

Mesmaeker13 the Conjurer (High Elf Conjurer)        Turns: 3366, Time: 00:08:06

Health: -1/35      AC:  2    Str:  7    XL:     5   Next: 72%
Magic:  11/13      EV: 13    Int: 19    God:
Gold:   49         SH:  0    Dex: 16    Spells: 3 memorised, 6 levels left

rFire  . . .     SeeInvis .     d - +0 dagger
rCold  . . .     Gourm    .     a - +0 robe
rNeg   . . .     Faith    .     (no shield)
rPois  .         Spirit   .     (no helmet)
rElec  .         Reflect  .     (no cloak)
rCorr  .         Harm     .     (no gloves)
MR     .....                    (no boots)
Stlth  ++........               (no amulet)
                                (no ring)
                                e - ring of wizardry

@: lethally poisoned (-1 -> -6), hasted, very quick
A: high mp 1, mutation resistance 1
a: no special abilities


You were on level 3 of the Dungeon.
You were not hungry.

You visited 1 branch of the dungeon, and saw 3 of its levels.

You collected 49 gold pieces.

Inventory:

Hand Weapons
 d - a +0 dagger (weapon)
Armour
 a - a +0 robe (worn)
 t - a +2 shield of protection
Jewellery
 e - a ring of wizardry (left hand)
Scrolls
 j - 2 scrolls of remove curse
 l - a scroll of random uselessness {unknown}
 o - a scroll of noise {unknown}
 q - 2 scrolls of recharging {unknown}
 r - 2 scrolls of identify {unknown}
Potions
 n - a potion of mutation {unknown}
Books
 b - a book of Conjurations

   Spells                             Type                      Level
   a - Magic Dart                     Conjuration                  1
   b - Searing Ray                    Conjuration                  2
   c - Dazzling Spray                 Conjuration/Hexes            3
   d - Fulminant Prism                Conjuration/Hexes            4
   e - Iskenderun's Mystic Blast      Conjuration                  4
   f - Iskenderun's Battlesphere      Conjuration/Charms           5
Comestibles
 c - a bread ration
 f - 2 slices of pizza
 g - 3 chunks of flesh
 m - 2 meat rations


   Skills:
 + Level 2.6 Fighting
 + Level 3.0 Dodging
 - Level 2.1 Stealth
 + Level 4.2 Spellcasting
 + Level 5.5 Conjurations


You had 6 spell levels left.
You knew the following spells:

 Your Spells              Type           Power        Failure   Level  Hunger
a - Magic Dart            Conj           ####         1%          1    None
b - Searing Ray           Conj           ####..       1%          2    #......
c - Dazzling Spray        Conj/Hex       ##....       6%          3    ###....


Dungeon Overview and Level Annotations

Branches:
Dungeon (3/15)

Altars:
Gozag
Uskayaw


Innate Abilities, Weirdness & Mutations

You have an increased reservoir of magic. (+10% MP)
You are somewhat resistant to further mutation.


Message History

The killer bee is moderately wounded.
The killer bee closely misses you. The killer bee stings you.
A killer bee comes into view.
The killer bee stings you.
You are poisoned.
The killer bee poisons you!
A killer bee comes into view.
Things that are here:
a club; 20 sling bullets You feel sick.
The killer bee stings you but does no damage.
A killer bee comes into view.
You feel sick.
The killer bee moves out of view.
The killer bee stings you!
* * * LOW HITPOINT WARNING * * *
2 killer bees come into view.
The killer bee barely misses you.
It was a potion of haste.
You feel yourself speed up.
* * * LOW HITPOINT WARNING * * *
You feel sick. The killer bee stings you.
You die...

...# #...###### #.# ####
####........# ####.#### #
.......####)# #.....).# # #
........# #.###.##y##.# #
#.####.#### #..yy...y# # #
.....#.#######.y##.##.......
#
#..##................#.##.##.
#.......######y#####...# #
#..####.#....@.# ......
#....)..#.####.# ...###
#.####### #.# .#.# #.# .#.#
#.. ...# ###


You could see 4 killer bees.

Vanquished Creatures
  An orc priest (D:3)
  An orc wizard (D:3)
  A worker ant (D:3)
  4 gnolls
  5 adders
  An ooze (D:1)
  A worm (D:2)
  A dart slug (D:2)
  2 leopard geckos
  3 orcs (D:3)
  A ball python (D:3)
  5 bats
  4 giant cockroaches
  9 goblins
  3 hobgoblins
  A quokka (D:3)
  3 frilled lizards (D:1)
  6 kobolds
  8 rats
60 creatures vanquished.

Notes
Turn   | Place    | Note
-------+----------+-------------------------------------------
     0 | D:1      | Mesmaeker13 the High Elf Conjurer began the quest for the Orb.
     0 | D:1      | Reached XP level 1. HP: 11/11 MP: 4/4
   529 | D:1      | Reached XP level 2. HP: 9/18 MP: 0/6
  1054 | D:1      | Reached skill level 1 in Fighting
  1417 | D:2      | Learned a level 2 spell: Searing Ray
  1478 | D:2      | Reached XP level 3. HP: 23/23 MP: 0/8
  1589 | D:2      | Reached skill level 5 in Conjurations
  1834 | D:2      | Learned a level 3 spell: Dazzling Spray
  2040 | D:2      | Reached XP level 4. HP: 29/29 MP: 6/10
  2397 | D:2      | Found a faded altar of an unknown god.
  2710 | D:3      | Noticed a dagger
  2710 | D:3      | Noticed a hand axe
  2711 | D:3      | Found a hide-covered altar of Uskayaw.
  2721 | D:3      | Reached XP level 5. HP: 14/35 MP: 4/11
  2725 | D:3      | Gained mutation: You have an increased reservoir of magic. (+10% MP) [potion of beneficial mutation]
  2795 | D:3      | Noticed an orc warrior
  2808 | D:3      | Found an opulent altar of Gozag.
  3139 | D:3      | Gained mutation: You are somewhat resistant to further mutation. [potion of beneficial mutation]
  3366 | D:3      | HP: 1/35 [poisoned by a killer bee]
  3366 | D:3      | Slain by a killer bee

Skill      XL: |  1  2  3  4  5 |
---------------+----------------+-----
Fighting       | 1 2 |  2.6
Spellcasting   | 3 4 |  4.2
Conjurations   | 5 |  5.5
Dodging        | 3 |  3.0
Stealth        | |  2.1

Action                   |  1- 3 |  4- 6 || total
-------------------------+-------+-------++-------
Melee: Dagger            |    42 |    30 ||    72
 Cast: Magic Dart        |    58 |    30 ||    88
       Searing Ray       |     3 |    10 ||    13
       Dazzling Spray    |       |     3 ||     3
  Use: Scroll            |     1 |     3 ||     4
       Potion            |       |     4 ||     4
  Eat: Chunk             |     3 |     5 ||     8
Armor: Robe              |    13 |     5 ||    18
Dodge: Dodged            |    44 |    45 ||    89
